BSA
SO CAL BRUINS @ ST CHARLES SHEENS
04/19/2028
 
TOP OF THE 1ST
So Cal Bruins batting - Pitching for St Charles Sheens : LHP Ben Moody
Pitching: LHP Ben Moody
Batting: LHB Jesús Campos 0-0: Called Strike
0-1: Called Strike
0-2: Ball
1-2: Ball
2-2: Ball
3-2: Strikes out swinging
Batting: RHB William Richardson 0-0: Called Strike
0-1: Ball
1-1: Foul Ball, location: 2F
1-2: Ball
2-2: Ball
3-2: Fly out, F3 (Popup, 34)
Batting: LHB José Antonio Santiago 0-0: Ball
1-0: Called Strike
1-1: Ball
2-1: Called Strike
2-2: Foul Ball, location: 2F
2-2: Strikes out looking
Top of the 1st over - 0 run(s), 0 hit(s), 0 error(s), 0 left on base; So Cal 0 - St Charles 0
BOTTOM OF THE 1ST
St Charles Sheens batting - Pitching for So Cal Bruins : RHP Flint Gray
Pitching: RHP Flint Gray
Batting: LHB Larry Howard 0-0: Swinging Strike
0-1: Fly out, F7 (Flyball, 7S)
Batting: RHB Miguel Palácios 0-0: Called Strike
0-1: Ball
1-1: Ground out 6-3 (Groundball, 6)
Batting: LHB Stan Bates 0-0: Ball
1-0: Fly out, F7 (Flyball, 7LSF)
Bottom of the 1st over - 0 run(s), 0 hit(s), 0 error(s), 0 left on base; So Cal 0 - St Charles 0
TOP OF THE 2ND
So Cal Bruins batting - Pitching for St Charles Sheens : LHP Ben Moody
Batting: RHB Earl Wiggins 0-0: Ball
1-0: Swinging Strike
1-1: Ball
2-1: SINGLE (Line Drive, 8LS)
Batting: LHB Kiyonaga Morita 0-0: Foul Ball, location: 2F
0-1: Ball
1-1: Ball
Wild Pitch!
Earl Wiggins to second
2-1: Foul Ball, location: 2F
2-2: Ball
3-2: DOUBLE (Line Drive, 78D)
Earl Wiggins scores
Batting: RHB Lawrence Schroeder 0-0: Foul Ball, location: 2F
0-1: Ball
1-1: Ground out 5-3 (Groundball, 5S)
Kiyonaga Morita to third
Batting: LHB Jeff Carter 0-0: Ball
1-0: Ground out U3 (Groundball, 3)
Batting: LHB Phil Smith 0-0: Called Strike
0-1: Ball
1-1: Called Strike
1-2: Strikes out swinging
Top of the 2nd over - 1 run(s), 2 hit(s), 0 error(s), 1 left on base; So Cal 1 - St Charles 0
BOTTOM OF THE 2ND
St Charles Sheens batting - Pitching for So Cal Bruins : RHP Flint Gray
Batting: RHB Max Rash 0-0: Ball
1-0: Fly out, F6 (Popup, 6S)
Batting: LHB Juan Jose Rojas 0-0: Called Strike
0-1: Swinging Strike
0-2: SINGLE (Line Drive, 4D)
Batting: LHB Kyle Harrison 0-0: Ball
1-0: Foul Ball, location: 2F
1-1: Swinging Strike
1-2: Reached on error, E5 (Groundball, 56)
Juan Jose Rojas to second
Batting: RHB Alfredo Hernández 0-0: Called Strike
0-1: Fly out, F3 (Flyball, 3D)
Batting: RHB Jesús Hernández 0-0: Reached on error, E5 (Groundball, 56S)
Juan Jose Rojas to third
Kyle Harrison to second
Batting: LHB Jason Lambert 0-0: Ball
1-0: Fly out, F8 (Flyball, 8LD)
Bottom of the 2nd over - 0 run(s), 1 hit(s), 2 error(s), 3 left on base; So Cal 1 - St Charles 0
TOP OF THE 3RD
So Cal Bruins batting - Pitching for St Charles Sheens : LHP Ben Moody
Batting: RHB Morgan Gibbon 0-0: Called Strike
0-1: Ball
1-1: Fly out, F4 (Line Drive, 4D)
Batting: LHB Jesús Campos 0-0: Swinging Strike
0-1: Foul Ball, location: 2F
0-2: Ball
1-2: Foul Ball, location: 2F
1-2: Ball
2-2: Strikes out swinging
Batting: RHB William Richardson 0-0: Ball
1-0: Foul Ball, location: 2F
1-1: Fly out, F8 (Flyball, 8RD)
Top of the 3rd over - 0 run(s), 0 hit(s), 0 error(s), 0 left on base; So Cal 1 - St Charles 0
BOTTOM OF THE 3RD
St Charles Sheens batting - Pitching for So Cal Bruins : RHP Flint Gray
Batting: LHB Larry Howard 0-0: Called Strike
0-1: Ball
1-1: Fly out, F4 (Popup, 4D)
Batting: RHB Miguel Palácios 0-0: Foul Ball, location: 2F
0-1: Ball
1-1: Ball
2-1: Swinging Strike
2-2: Ball
3-2: Strikes out looking
Batting: LHB Stan Bates 0-0: Called Strike
0-1: Ball
1-1: Fly out, F8 (Flyball, 89D)
Bottom of the 3rd over - 0 run(s), 0 hit(s), 0 error(s), 0 left on base; So Cal 1 - St Charles 0
TOP OF THE 4TH
So Cal Bruins batting - Pitching for St Charles Sheens : LHP Ben Moody
Batting: LHB José Antonio Santiago 0-0: Ground out U3 (Groundball, 34S)
Batting: RHB Earl Wiggins 0-0: Ball
1-0: Reached on error, E6 (Groundball, 6MS)
Batting: LHB Kiyonaga Morita 0-0: Called Strike
0-1: Foul Ball, location: 2F
0-2: Strikes out looking
Batting: RHB Lawrence Schroeder 0-0: Called Strike
0-1: Fly out, F8 (Flyball, 8LD)
Top of the 4th over - 0 run(s), 0 hit(s), 1 error(s), 1 left on base; So Cal 1 - St Charles 0
BOTTOM OF THE 4TH
St Charles Sheens batting - Pitching for So Cal Bruins : RHP Flint Gray
Batting: RHB Max Rash 0-0: Called Strike
0-1: Ground out 5-3 (Groundball, 56)
Batting: LHB Juan Jose Rojas 0-0: Ball
1-0: Called Strike
1-1: Ball
2-1: Ground out 4-3 (Groundball, 34)
Batting: LHB Kyle Harrison 0-0: Called Strike
0-1: Foul Ball, location: 2F
0-2: Ball
1-2: Foul Ball, location: 2F
1-2: Foul Ball, location: 2F
1-2: Single, Error in OF, E8, batter to second base
Batting: RHB Alfredo Hernández 0-0: DOUBLE (Line Drive, 7LD)
Kyle Harrison scores
Batting: RHB Jesús Hernández 0-0: Ball
1-0: Called Strike
1-1: Ball
2-1: Ball
3-1: Swinging Strike
3-2: Fly out, F7 (Flyball, 7LM)
Bottom of the 4th over - 1 run(s), 2 hit(s), 1 error(s), 1 left on base; So Cal 1 - St Charles 1
TOP OF THE 5TH
So Cal Bruins batting - Pitching for St Charles Sheens : LHP Ben Moody
Batting: LHB Jeff Carter 0-0: Ground out 4-3 (Groundball, 34)
Batting: LHB Phil Smith 0-0: Ball
1-0: Swinging Strike
1-1: Foul Ball, location: 2F
1-2: Ball
2-2: Strikes out swinging
Batting: RHB Morgan Gibbon 0-0: Ball
1-0: Called Strike
1-1: Swinging Strike
1-2: Strikes out looking
Top of the 5th over - 0 run(s), 0 hit(s), 0 error(s), 0 left on base; So Cal 1 - St Charles 1
BOTTOM OF THE 5TH
St Charles Sheens batting - Pitching for So Cal Bruins : RHP Flint Gray
Batting: LHB Jason Lambert 0-0: Ball
1-0: Ball
2-0: Ball
3-0: Called Strike
3-1: Base on Balls
Batting: LHB Larry Howard 0-0: Called Strike
0-1: Ball
1-1: Called Strike
1-2: Fielders Choice at 2nd, 1-4 (Groundball, 15S)
Batting: RHB Miguel Palácios 0-0: Ball
Larry Howard steals 2nd base
1-0: Foul Ball, location: 2F
1-1: Ball
2-1: DOUBLE (Groundball, 5L)
Larry Howard scores
Batting: LHB Stan Bates 0-0: Intentional Walk
Batting: RHB Max Rash 0-0: Grounds into double play, 4-6-3 (Groundball, 4M)
Bottom of the 5th over - 1 run(s), 1 hit(s), 0 error(s), 1 left on base; So Cal 1 - St Charles 2
TOP OF THE 6TH
So Cal Bruins batting - Pitching for St Charles Sheens : LHP Ben Moody
Batting: LHB Jesús Campos 0-0: Foul Ball, location: 2F
0-1: Swinging Strike
0-2: Ball
1-2: Ball
2-2: Strikes out swinging
Batting: RHB William Richardson 0-0: Ball
1-0: Ball
2-0: SINGLE (Line Drive, 8LS)
Batting: LHB José Antonio Santiago 0-0: Grounds into double play, 4-6-3 (Groundball, 4)
Top of the 6th over - 0 run(s), 1 hit(s), 0 error(s), 0 left on base; So Cal 1 - St Charles 2
BOTTOM OF THE 6TH
St Charles Sheens batting - Pitching for So Cal Bruins : RHP Flint Gray
Batting: LHB Juan Jose Rojas 0-0: Ball
1-0: Foul Ball, location: 2F
1-1: SINGLE (Groundball, 4MD)
Batting: LHB Kyle Harrison 0-0: Called Strike
0-1: Ball
1-1: Foul Ball, location: 2F
1-2: Strikes out swinging
Batting: RHB Alfredo Hernández 0-0: Ball
1-0: Grounds into double play, 5-4-3 (Groundball, 5)
Bottom of the 6th over - 0 run(s), 1 hit(s), 0 error(s), 0 left on base; So Cal 1 - St Charles 2
TOP OF THE 7TH
So Cal Bruins batting - Pitching for St Charles Sheens : LHP Ben Moody
Batting: RHB Earl Wiggins 0-0: Ground out 6-3 (Groundball, 6)
Batting: LHB Kiyonaga Morita 0-0: Foul Ball, location: 2F
0-1: Ball
1-1: Ball
2-1: Ball
3-1: Foul Ball, location: 2F
3-2: Foul Ball, location: 2F
3-2: SINGLE (Groundball, 34D)
Batting: RHB Lawrence Schroeder Pickoff Throw to First - Out!
0-0: Called Strike
0-1: Ball
1-1: Ball
2-1: Swinging Strike
2-2: SINGLE (Line Drive, 8RM)
Pinch Hitting: RHB Juan Valverde 0-0: Ball
1-0: SINGLE (Flyball, 9LS)
Lawrence Schroeder to second
Runner from 2nd tries for 3rd, SAFE, throw made to third
Batting: LHB Phil Smith 0-0: Foul Ball, location: 2F
0-1: Called Strike
0-2: Ball
1-2: Foul Ball, location: 2F
1-2: Foul Ball, location: 2F
1-2: Strikes out swinging
Top of the 7th over - 0 run(s), 3 hit(s), 0 error(s), 2 left on base; So Cal 1 - St Charles 2
BOTTOM OF THE 7TH
St Charles Sheens batting - Pitching for So Cal Bruins : RHP Flint Gray
Now at 2B: Jonathan MacVey
Batting: RHB Jesús Hernández 0-0: Called Strike
0-1: Ball
1-1: Fly out, F7 (Line Drive, 78M)
Batting: LHB Jason Lambert 0-0: Ball
1-0: Called Strike
1-1: Swinging Strike
1-2: Ball
2-2: TRIPLE (Line Drive, 9D)
Batting: LHB Larry Howard 0-0: Intentional Walk
Batting: RHB Miguel Palácios 0-0: Grounds into double play, 6-4-3 (Groundball, 56)
Bottom of the 7th over - 0 run(s), 1 hit(s), 0 error(s), 1 left on base; So Cal 1 - St Charles 2
TOP OF THE 8TH
So Cal Bruins batting - Pitching for St Charles Sheens : LHP Ben Moody
Batting: RHB Morgan Gibbon 0-0: Swinging Strike
0-1: Ball
1-1: Ball
2-1: Fly out, F8 (Flyball, 8LD)
Batting: LHB Jesús Campos 0-0: Called Strike
0-1: Ball
1-1: Ground out 4-3 (Groundball, 4)
Batting: RHB William Richardson 0-0: Called Strike
0-1: Called Strike
0-2: Ball
1-2: Ball
2-2: Ball
3-2: Fly out, F5 (Line Drive, 5)
Top of the 8th over - 0 run(s), 0 hit(s), 0 error(s), 0 left on base; So Cal 1 - St Charles 2
BOTTOM OF THE 8TH
St Charles Sheens batting - Pitching for So Cal Bruins : RHP Flint Gray
Pitching: RHP Masahiko Okada
Batting: LHB Stan Bates 0-0: Called Strike
0-1: Swinging Strike
0-2: Ball
1-2: Strikes out swinging
Batting: RHB Max Rash 0-0: Ball
1-0: Ball
2-0: Ball
3-0: Base on Balls
Batting: LHB Juan Jose Rojas 0-0: Foul Ball, location: 2F
0-1: Foul Ball, location: 2F
0-2: Grounds into double play, 6-4-3 (Groundball, 6)
Bottom of the 8th over - 0 run(s), 0 hit(s), 0 error(s), 0 left on base; So Cal 1 - St Charles 2
TOP OF THE 9TH
So Cal Bruins batting - Pitching for St Charles Sheens : LHP Ben Moody
Pitching: RHP Álex Villegas
Batting: LHB José Antonio Santiago 0-0: Swinging Strike
0-1: Foul Ball, location: 2F
0-2: Strikes out swinging
Batting: RHB Earl Wiggins 0-0: Ball
1-0: DOUBLE (Line Drive, 9LS)
Batting: LHB Kiyonaga Morita 0-0: Ball
1-0: Ball
2-0: Ball
3-0: Called Strike
3-1: Foul Ball, location: 2F
3-2: Base on Balls
Pitching: RHP Irwin Conway
Batting: RHB Lawrence Schroeder 0-0: Ball
1-0: Ball
2-0: Swinging Strike
2-1: Swinging Strike
2-2: Grounds into double play, 4-6-3 (Groundball, 4)
Top of the 9th over - 0 run(s), 1 hit(s), 0 error(s), 1 left on base; So Cal 1 - St Charles 2
Tuesday, August 8th, 2017 - OOTP Baseball 17.12 Build 75